 Dungeon Crawl Stone Soup version 0.28.0-53-g5a82cb258f (webtiles) character file.

Game seed: 5237371252553475905

8163 pkoi the Conjurer (level 10, -9/77 HPs)
             Began as a Demigod Hedge Wizard on May 23, 2022.
             Mangled by a boulder beetle (40 damage)
             ... on level 10 of the Dungeon.
             The game lasted 00:36:04 (25397 turns).

pkoi the Conjurer (Demigod Hedge Wizard)           Turns: 25397, Time: 00:36:04

Health: -9/77      AC:  6    Str: 11    XL:     10   Next: 78%
Magic:  18/22      EV: 14    Int: 34    God:
Gold:   574        SH:  5    Dex: 17    Spells: 0/20 levels left

rFire   + . .      SeeInvis +   h - staff of fire
rCold   + . .      Faith    .   (no shield)
rNeg    . . .      Spirit   .   z - +2 robe of Defence {Harm rC+ Will- Dex+4 SInv}
rPois   .          Reflect  +   e - +0 helmet
rElec   .          Harm     +   L - scarf {shadows}
rCorr   .          Rampage  .   (no gloves)
Will    +....                   A - +0 pair of boots
Stlth   ++........              i - amulet of reflection
HPRegen 0.22/turn               j - +6 ring of intelligence
MPRegen 0.18/turn               H - ring of willpower

@: no status effects
A: high MP 1, forlorn, divine attributes
a: no special abilities


You were on level 10 of the Dungeon.
You visited 1 branch of the dungeon, and saw 11 of its levels.

You collected 574 gold pieces.

Inventory:

Hand Weapons
 a - a +0 dagger
 d - a +0 dagger
 n - a +2 dagger of speed
 r - a +0 dagger of protection
 J - a +2 dagger of venom
Missiles
 p - 2 curare-tipped darts
 F - 2 throwing nets
Armour
 b - a +0 leather armour of fire resistance
 e - a +0 helmet (worn)
 g - a scarf of invisibility
 z - the +2 robe of Defence (worn) {Harm rC+ Will- Dex+4 SInv}
   (You found it on level 4 of the Dungeon)

   Dex:       It affects your dexterity (+4).
   rC:        It protects you from cold.
   SInv:      It lets you see invisible.
   Harm:      It increases damage dealt and taken.
   Will:      It decreases your willpower.
 A - a +0 pair of boots (worn)
 L - a scarf of shadows (worn)
Magical Staves
 h - a staff of fire (weapon)
Jewellery
 i - an amulet of reflection (around neck)
 j - a +6 ring of intelligence (left hand)
 u - a ring of resist corrosion
 x - a ring of ice
 D - a +6 ring of dexterity
 E - a ring of poison resistance
 H - a ring of willpower (right hand)
Wands
 s - a wand of flame (7)
 y - a wand of acid (7)
Scrolls
 k - 6 scrolls of fear
 l - 4 scrolls of identify
 v - a scroll of blinking
 G - 2 scrolls of teleportation
 I - a scroll of enchant weapon
Potions
 c - 3 potions of magic
 f - 2 potions of curing
 m - 3 potions of might
 o - a potion of haste
 q - 4 potions of ambrosia
 t - a potion of resistance
 w - a potion of invisibility
 B - 2 potions of brilliance
 C - a potion of mutation
 K - a potion of flight
 M - a potion of heal wounds


   Skills:
 - Level 3.0 Fighting
 - Level 2.0 Armour
 - Level 4.0 Dodging
 - Level 1.7 Stealth
 + Level 5.1 Unarmed Combat
 + Level 5.5 Spellcasting
 - Level 6.0 Conjurations
 - Level 6.0 Hexes
 - Level 3.0 Summonings
 - Level 2.0 Translocations
 - Level 4.0 Fire Magic
 + Level 3.0 Air Magic
 + Level 3.0 Poison Magic
 - Level 6.0 Evocations


You couldn't memorise any spells.
You knew the following spells:

 Your Spells              Type           Power      Damage    Failure   Level
a - Magic Dart            Conj           100%       1d8       1%          1
b - Conjure Flame         Conj/Fire      60%        6-21      1%          3
c - Mephitic Cloud        Conj/Pois/Air  36%        N/A       2%          3
d - Blink                 Tloc           46%        N/A       2%          2
e - Call Imp              Summ           29%        N/A       1%          2
f - Confusing Touch       Hex            50%        N/A       1%          3
g - Airstrike             Air            14%        N/A       12%         4
h - Poisonous Vapours     Pois/Air       58%        N/A       1%          2

Your spell library contained the following spells:

 Spells                   Type           Power      Damage    Failure   Level
 Slow                     Hex            100%       N/A       1%          1
 Ensorcelled Hibernation  Hex/Ice        58%        N/A       1%          2
 Sting                    Tmut/Pois      76%        1d6       2%          1
 Swiftness                Air            29%        N/A       3%          3
 Passwall                 Tmut/Erth      7%         N/A       6%          2
 Olgreb's Toxic Radiance  Pois           29%        N/A       12%         4
 Summon Lightning Spire   Summ/Air       29%        N/A       12%         4
 Vampiric Draining        Necr           9%         2d6       13%         3
 Lightning Bolt           Conj/Air       20%        1d35      19%         5


Dungeon Overview and Level Annotations

Branches:
Dungeon (11/15)            Temple (0/1) D:4            Lair (0/6) D:11
    Orc (0/2) D:10

Annotations:
D:8 2 transporters, exclusion: ice statue, Zeld's ghost, novice OgTm


Innate Abilities, Weirdness & Mutations

You have an increased reservoir of magic. (+10% MP)
You shall have no god before yourself.
Your divine heritage dramatically boosts your attributes as you level up.


Message History

You start memorising the spell.
You continue memorising. x2
You finish memorising.
Spell assigned to 'h'.
Unknown command.
Unknown command.
You climb downwards.
The boulder beetle bites you! The boulder beetle barely misses you.
There is a stone staircase leading up here.
Unknown command.
Unknown command.
The manticore flicks its tail.
The volley of spikes hits you.
The barbed spikes become lodged in your body.
* * * LOW HITPOINT WARNING * * *
You block the boulder beetle's attack.
The barbed spikes dig painfully into your body as you move.
* * * LOW HITPOINT WARNING * * *
You climb upwards.
There is a stone staircase leading down here.
Unknown command.
Casting: Magic Dart (safe; 1% risk of failure)
Confirm with . or Enter, or press ? or * to list all spells.
You feel a surge of power!
The fire begins to smoulder!
The boulder beetle bites you!
* * * LOW HITPOINT WARNING * * *
The barbs in your skin will harm you if you move.
Continue?
The barbed spikes dig painfully into your body as you move.
* * * LOW HITPOINT WARNING * * *
The boulder beetle curls into a ball and begins rolling!
The fire ignites!
Unknown command.
Unknown command.
Aiming: Magic Dart (safe; 1% risk of failure)
Press: ? - help, Q - select action, (/) - cycle Shift-Dir - straight line, f - boulder beetle
Aim: a boulder beetle (flame, rolling, 100% to hit)
The magic dart hits the boulder beetle but does no damage.
You carefully extract the barbed spikes from your body.
The boulder beetle is engulfed in blazing flames.
The boulder beetle hits you!!
Ouch! That really hurt!
You die...

##.# ###..# #...## ##
####.##### .# #........# .#
######### #........# .#
#.......# #........# .#
###....)..#####........# .#
#.'.......'°B@.........#
.###>#.......#####........#
.##..#.......# #........#
.'..##.......# #........#
.#########'### #####.####
## #.# #.# ###.# ##.#
####...# #..# #....### #.##


You could see a boulder beetle (rolling).

Vanquished Creatures
  A two-headed ogre (D:9)
  Pikel (D:4)
  Prince Ribbit (D:9)
  A shadow (D:7)
  Sigmund (D:2)
  A wyvern (D:7)
  13 yaks
  A wraith (D:9)
  Menkaure (D:4)
  A water moccasin (D:9)
  3 orc warriors
  4 ogres
  2 sky beasts
  A black bear (D:8)
  4 centaurs
  3 necrophages
  3 lemures (D:3)
  2 phantoms (D:5)
  3 kobold brigands
  2 bullfrogs
  2 gnoll sergeants
  4 scorpions
  A wyvern skeleton (D:6)
  6 killer bees
  3 wights
  2 howler monkeys
  2 vampire bats (D:8)
  2 centaur zombies
  A jelly (D:6)
  5 orc priests
  A hound (D:6)
  2 iguanas
  A gnoll shaman (D:5)
  6 orc wizards
  A killer bee zombie (D:7)
  4 howler monkey zombies
  17 gnolls
  7 adders
  2 white imps
  2 worms
  25 orcs
  7 ball pythons
  2 bat skeletons (D:8)
  2 bat zombies (D:8)
  4 endoplasms
  3 giant cockroaches
  10 goblins
  14 hobgoblins
  3 jackals (D:1)
  A quokka (D:1)
  7 bats
  2 frilled lizards
  24 kobolds
  8 rats
232 creatures vanquished.

Vanquished Creatures (collateral kills)
  A water moccasin (D:9)
1 creature vanquished.

Grand Total: 233 creatures vanquished

Notes
Turn   | Place    | Note
-------+----------+-------------------------------------------
     0 | D:1      | pkoi the Demigod Hedge Wizard began the quest for the Orb.
     0 | D:1      | Reached XP level 1. HP: 14/14 MP: 6/6
    30 | D:1      | Reached skill level 1 in Conjurations
   303 | D:1      | Reached XP level 2. HP: 11/20 MP: 0/8
  1958 | D:1      | Reached XP level 3. HP: 26/26 MP: 6/10
  2804 | D:2      | Noticed Sigmund
  2811 | D:2      | Learned a level 3 spell: Conjure Flame
  2815 | D:2      | Learned a level 3 spell: Mephitic Cloud
  2942 | D:2      | Reached skill level 1 in Evocations
  3049 | D:2      | Reached skill level 1 in Fire Magic
  3399 | D:3      | Reached XP level 4. HP: 33/33 MP: 6/11
  3703 | D:3      | Reached skill level 1 in Air Magic
  3703 | D:3      | Reached skill level 1 in Poison Magic
  4176 | D:3      | Reached XP level 5. HP: 36/38 MP: 7/12
  4179 | D:3      | Learned a level 2 spell: Blink
  5719 | D:4      | Noticed Pikel
  7166 | D:4      | Noticed an ogre
  7206 | D:4      | Killed an ogre
  8009 | D:4      | Found a staircase to the Ecumenical Temple.
  8266 | D:4      | Reached XP level 6. HP: 45/45 MP: 10/13
  8271 | D:4      | Noticed Menkaure
  8610 | D:4      | Killed Menkaure
  9170 | D:4      | Identified the +2 robe of Defence {Harm rC+ Will- Dex+4
                  | SInv}
  9222 | D:5      | Entered Level 5 of the Dungeon
  9478 | D:5      | Reached XP level 7. HP: 48/50 MP: 0/14
  9575 | D:5      | Learned a level 2 spell: Call Imp
  9792 | D:5      | Reached skill level 1 in Summonings
  9792 | D:5      | Reached skill level 1 in Translocations
 11857 | D:5      | Reached XP level 8. HP: 57/57 MP: 13/16
 12440 | D:6      | Reached skill level 5 in Conjurations
 13704 | D:6      | Reached skill level 1 in Fighting
 13704 | D:6      | Reached skill level 1 in Armour
 13704 | D:6      | Reached skill level 1 in Unarmed Combat
 14290 | D:7      | Reached XP level 9. HP: 41/64 MP: 11/18
 14542 | D:6      | Learned a level 3 spell: Confusing Touch
 15200 | D:7      | Reached skill level 1 in Hexes
 15281 | D:7      | Reached skill level 5 in Evocations
 17119 | D:8      | Noticed an ice statue
 17132 | D:8      | Noticed a kobold demonologist
 17144 | D:8      | Found a transporter.
 17146 | D:8      | Noticed Zeld's ghost (novice OgTm)
 17150 | D:8      | Found a transporter.
 17805 | D:8      | Noticed an eight-headed hydra
 18058 | D:8      | You fall into a shaft and drop 3 floors!
 18058 | D:11     | Noticed a boulder beetle
 18058 | D:11     | Noticed a four-headed hydra
 18065 | D:11     | Noticed a manticore
 18099 | D:10     | Entered Level 10 of the Dungeon
 18598 | D:9      | Reached XP level 10. HP: 73/77 MP: 3/19
 18715 | D:9      | Noticed a two-headed ogre
 20605 | D:9      | Reached skill level 5 in Hexes
 20830 | D:9      | Killed a two-headed ogre
 21676 | D:9      | Reached skill level 5 in Spellcasting
 21855 | D:9      | Noticed Prince Ribbit
 21860 | D:9      | Learned a level 4 spell: Airstrike
 21882 | D:9      | Killed Prince Ribbit
 22774 | D:10     | Found a staircase to the Orcish Mines.
 24138 | D:2      | Killed Sigmund
 24561 | D:4      | Found a staircase to the Ecumenical Temple.
 25019 | D:4      | Killed Pikel
 25020 | D:4      | Reached skill level 5 in Unarmed Combat
 25359 | D:11     | Noticed a two-headed ogre
 25359 | D:11     | Noticed a two-headed ogre
 25390 | D:10     | Learned a level 2 spell: Poisonous Vapours
 25397 | D:10     | Mangled by a boulder beetle

Illustrated notes

Levels and vault maps discovered:
D:1:      minmay_arrival_arboretum_small, layout_basic,
          chequers_ecumenical_altar_grove, minivault_14, minmay_ruptured
D:2:      layout_rooms, uniq_sigmund
D:3:      layout_loops_cross
D:4:      layout_basic, vehumet_altar_wand_db, minmay_temple_entry_proselytizer,
          minivault_4, minmay_misc_feat_doors, grunt_ministairs_10,
          minmay_cupped, uniq_menkaure, uniq_pikel
D:5:      layout_loops_cross, hangedman_decor_opposing
D:6:      layout_rooms
D:7:      layout_gridville
D:8:      layout_loops_ring, kennysheep_vampire_church, nzn_ghost_randoct,
          minmay_increasing_density
D:9:      layout_basic, enter_bailey_4, uniq_prince_ribbit1
D:10:     layout_roguey, orc_0_dummy
D:11:     layout_loops_ring, dpeg_oklobed_lair, roderic_roman_lattice,
          nicolae_wooded_promenade, lightli_corner_chamber, uniq_fannar

Skill      XL: |  1  2  3  4  5  6  7  8  9 10 |
---------------+-------------------------------+-----
Conjurations   | 1 2 3 4 5 6 |  6.0
Spellcasting   | 3 4 5 |  5.5
Evocations     | 1 2 3 4 5 6 |  6.0
Fire Magic     | 1 2 3 4 |  4.0
Air Magic      | 1 2 3 |  3.0
Poison Magic   | 1 2 3 |  3.0
Summonings     | 1 3 |  3.0
Translocations | 1 2 |  2.0
Dodging        | 2 4 |  4.0
Fighting       | 1 3 |  3.0
Armour         | 1 2 |  2.0
Unarmed Combat | 1 3 5 |  5.1
Hexes          | 3 6 |  6.0
Stealth        | |  1.7

Action                   |  1- 3 |  4- 6 |  7- 9 | 10-12 || total
-------------------------+-------+-------+-------+-------++-------
Melee: Dagger            |    17 |    39 |       |     2 ||    58
       Staff             |    15 |       |    18 |     8 ||    41
       Punch             |     1 |       |       |     1 ||     2
 Cast: Magic Dart        |   135 |   226 |   318 |   202 ||   881
       Blink             |       |    11 |       |     2 ||    13
       Conjure Flame     |       |     7 |    20 |    21 ||    48
       Mephitic Cloud    |       |       |    20 |    10 ||    30
       Call Imp          |       |       |       |     3 ||     3
Evoke: Wand              |       |     1 |     7 |    11 ||    19
  Use: Potion            |     1 |       |       |       ||     1
       Scroll            |       |     5 |    11 |     5 ||    21
 Stab: Sleeping          |     1 |       |       |       ||     1
       Confused          |       |       |     1 |       ||     1
Armor: Robe              |    11 |    15 |    28 |     5 ||    59
Dodge: Dodged            |    35 |    56 |    49 |    46 ||   186
Block: Other             |     7 |    26 |    25 |    12 ||    70
       Reflection        |       |     1 |     6 |       ||     7
